 Dungeon Crawl Stone Soup version 0.31.0-11-ge490571c62 (webtiles) character file.

Game seed: 10324627315673789683

14 Flugkiller the Firebug (level 2, -3/20 HPs)
             Began as a Ghoul Fire Elementalist on Jan 29, 2024.
             Slain by Natasha (9 damage)
             ... on level 2 of the Dungeon.
             The game lasted 00:00:58 (1010 turns).

Flugkiller the Firebug (Ghoul Fire Elementalist)    Turns: 1010, Time: 00:00:58

Health: -3/20      AC:  2    Str: 11    XL:     2   Next: 45%
Magic:  2/5        EV: 12    Int: 14    God:
Gold:   92         SH:  0    Dex:  9    Spells: 4/5 levels left

rFire   . . .        (no weapon)
rCold   + . .        (no shield)
rNeg    + + +        a - +0 robe
rPois   ∞            (no helmet)
rElec   .            (no cloak)
rCorr   .            (no gloves)
SInv    .            (no boots)
Will    .....        (no amulet)
Stlth   ++           (no ring)
HPRegen 0.00/turn    (no ring)
MPRegen 0.09/turn

%: no passive effects
@: inhibited regen
A: claws 1, cold resistance 1, negative energy resistance 3, inhibited
regeneration, torment resistance 2, devour on kill
a: no special abilities


You were on level 2 of the Dungeon.
You visited 1 branch of the dungeon, and saw 2 of its levels.

You collected 92 gold pieces.

Inventory:

Armour
 a - a +0 robe (worn)
 c - an orb of light
   (You found it on level 1 of the Dungeon)
Scrolls
 e - 2 scrolls of teleportation {unknown}
 g - a scroll of identify {unknown}
 h - a scroll of enchant weapon {unknown}
Potions
 b - a potion of magic
 d - a potion of invisibility {unknown}
 f - a potion of attraction {unknown}


   Skills:
 - Level 1.7 Dodging
 - Level 2.1 Stealth
 + Level 2.0 Spellcasting
 + Level 1.1 Conjurations
 * Level 2.8 Fire Magic


You had 4 spell levels left.
You knew the following spells:

 Your Spells              Type           Power      Damage    Failure   Level
a - Foxfire               Conj/Fire      24%        2x1d5     11%         1

Your spell library contained the following spells:

 Spells                   Type           Power      Damage    Failure   Level
 Scorch                   Fire           18%        2d5       11%         2
 Inner Flame              Hex/Fire       5%         N/A       36%         3
 Volatile Blastmotes      Fire/Tloc      10%        2d10      36%         3
 Tukima's Dance           Hex            1%         N/A       56%         3
 Flame Wave               Conj/Fire      6%         2d5       71%         4
 Iskenderun's Mystic Bla  Conj/Tloc      2%         2d3       88%         4
 Dimensional Bullseye     Hex/Tloc       0%         N/A       93%         4


Dungeon Overview and Level Annotations

Branches:
Dungeon (2/15) Zot: 10989

Altars:

Annotations:
D:2 Natasha


Innate Abilities, Weirdness & Mutations

You are immune to poison.
You have sharp fingernails.
Your flesh is cold resistant. (rC+)
You are immune to negative energy. (rN+++)
You do not regenerate when monsters are visible.
You are immune to unholy pain and torment.
You thrive by killing the living.


Message History

The bat hits you but does no damage. The bat barely misses you.
You closely miss the bat.
The bat is moderately wounded.
The bat hits you but does no damage.
You completely miss the bat.
The bat is moderately wounded.
The bat barely misses you.
You scratch the bat but do no damage.
The bat is moderately wounded.
The bat barely misses you.
You scratch the bat.
The bat is severely wounded.
The bat closely misses you.
You scratch the bat.
You kill the bat!
No target in view!
No target in view!
No target in view!
f - a cyan potion No target in view!
An endoplasm comes into view.
Found a scroll labelled BANEAC HOMUQUB.
The endoplasm quivers.
The endoplasm jiggles.
The endoplasm hits you.
You scratch the endoplasm.
The endoplasm is heavily wounded.
The endoplasm freezes you.
You are frozen.
You resist.
You scratch the endoplasm.
You kill the endoplasm!
No target in view!
No target in view!
No target in view!
g - a scroll labelled BANEAC HOMUQUB No target in view!
A hobgoblin comes into view.
The hobgoblin shouts!
You barely miss the hobgoblin. The hobgoblin closely misses you.
You scratch the hobgoblin but do no damage.
The hobgoblin hits you.
You scratch the hobgoblin but do no damage.
The hobgoblin misses you.
You scratch the hobgoblin.
You kill the hobgoblin!
No target in view!
No target in view!
You see here a hobgoblin corpse.
No target in view!
Found 6 stones.
h - a scroll labelled DIGYEQI POETI
Found a leather armour.
You see here a +0 leather armour.
Done exploring.
Unknown command.
Done exploring.
Done exploring.
You see here a +0 leather armour.
There is a stone staircase leading down here.
You climb downwards.
Natasha hisses angrily.
Found 4 large rocks.
Found an escape hatch in the floor.
Found a stone staircase leading up.
There is a stone staircase leading up here.
Natasha is nearby!
Unknown command.
Natasha is nearby!
Natasha is nearby!
Found 15 gold pieces.
Natasha mumbles some strange words.
Casting: Foxfire (safe; 11% risk of failure)
Confirm with . or Enter, or press ? or * to list all spells.
You conjure some foxfire!
Natasha howls an incantation.
Natasha shimmers violently.
Casting: Foxfire (safe; 11% risk of failure)
Confirm with . or Enter, or press ? or * to list all spells.
You conjure some foxfire!
The foxfire hits Natasha.
Natasha is moderately wounded.
The foxfire hits Natasha.
Natasha is moderately wounded.
Natasha claws you!
You are too injured to fight recklessly!
Casting: Foxfire (safe; 11% risk of failure)
Confirm with . or Enter, or press ? or * to list all spells.
You conjure some foxfire!
The foxfire hits Natasha but does no damage.
Natasha is moderately wounded.
The foxfire hits Natasha.
Natasha is heavily wounded.
The cerulean imp hits you from afar with a +2 spear.
* * * LOW HITPOINT WARNING * * *
Natasha claws you but does no damage.
Unknown command.
The foxfire hits Natasha but does no damage.
Natasha is heavily wounded.
The foxfire hits Natasha.
Natasha is severely wounded.
Natasha attacks as she pursues you! Natasha claws you!
You die...
Natasha begins licking her fur clean.

##### ##########
....#
.........#.....#
.........#.....#
.........#.....#
$.......(......#
......5h@......#
$.><....<#.....#
.........# ....#
....###### ...#
### ..# ##


You could see Natasha and a cerulean imp (summoned).

Vanquished Creatures
  An endoplasm (D:1)
  2 giant cockroaches (D:1)
  A goblin (D:1)
  A hobgoblin (D:1)
  A kobold (D:1)
  A quokka (D:1)
  2 ball pythons (D:1)
  2 bats (D:1)
  2 frilled lizards (D:1)
13 creatures vanquished.

Vanquished Creatures (others)
  20 foxfires
20 creatures vanquished.

Grand Total: 33 creatures vanquished

Notes
Turn   | Place    | Note
-------+----------+-------------------------------------------
     0 | D:1      | Flugkiller the Ghoul Fire Elementalist began the quest for
                  | the Orb.
     0 | D:1      | Reached XP level 1. HP: 14/14 MP: 3/3
   325 | D:1      | Reached skill level 1 in Conjurations
   340 | D:1      | Reached XP level 2. HP: 14/20 MP: 2/4
  1005 | D:2      | Noticed Natasha
  1010 | D:2      | Slain by Natasha

Illustrated notes

Levels and vault maps discovered:
D:1:      nzn_arrival_crosshair, layout_basic, minmay_misc_feat_chi,
          minmay_box_of_dots
D:2:      minmay_chambers_of_ones, layout_rooms, uniq_natasha

Skill      XL: |  1  2 |
---------------+-------+-----
Conjurations   | 1 |  1.1
Spellcasting   | 2 |  2.0
Dodging        | |  1.7
Stealth        | |  2.1
Fire Magic     | |  2.8

Action                     || total
---------------------------++-------
  Melee: Unarmed           ||    25
   Cast: Foxfire           ||    15
 Armour: Robe              ||    23
  Dodge: Dodged            ||    28
